AoeStats
← matt

Enclosed

505605960Analyzed
1v1 RM · 22d ago on Sep 10, 2026· 43m 46s· 2 players
Game mode
Random Map
Map size
Tiny (2 player)
Population
200
Speed
Normal
Resources
Standard
Victory
Conquest
Starting age
Dark Age
Ending age
Imperial Age
RankedLock teamsTeams togetherTeam positionsShared explorationLock speedFull tech treeHidden civsTurbo modeCheats
Victory
Defeat
🇲🇽 Portuguese · Mexico
288
+16
🇳🇿 Japanese · New Zealand
279
-16
matt
8:18 Loom
14:42 Feudal Age
18:30 Wheelbarrow
17:41 Town Watch
17:47 Double-Bit Axe
18:01 Gold Mining
20:49 Scale Mail Armor
21:02 Arson
21:40 Forging
24:39 Castle Age
24:52 Horse Collar
26:06 Hand Cart
26:24 Bow Saw
26:33 Chain Mail Armor
26:22 Squires
26:12 Gambesons
26:33 Heavy Plow
26:43 Pikeman
27:41 Treadmill Crane
29:09 Ballistics
32:21 Town Patrol
31:57 Elite Skirmisher
34:16 Thumb Ring
34:50 Crossbowman
36:24 Stone Mining
38:07 Gold Shaft Mining
40:46 Husbandry
40:58 Bloodlines
40:11 Light Cavalry
aplahike
0:26 Loom
11:11 Feudal Age
11:42 Double-Bit Axe
12:41 Wheelbarrow
12:54 Horse Collar
13:29 Town Watch
13:39 Gold Mining
15:45 Stone Mining
21:59 Castle Age
21:09 Bloodlines
23:27 Hand Cart
23:21 Thumb Ring
25:19 Town Patrol
28:53 Husbandry
30:10 Circumnavigation
31:22 Padded Archer Armor
31:23 Scale Mail Armor
31:29 Scale Barding Armor
32:49 Bloodlines
32:28 Gambesons
32:30 Arson
32:07 Man-at-Arms
33:32 Long Swordsman
35:37 Leather Archer Armor
35:38 Chain Mail Armor
35:44 Chain Barding Armor
39:37 Imperial Age
38:23 Forging
38:03 Fletching
37:51 Pikeman
39:43 Bodkin Arrow
40:24 Iron Casting
39:37 Elite Skirmisher
41:49 Chemistry
40:56 Siege Engineers
41:12 Ballistics
41:17 Conscription
41:24 Onager
42:55 Plate Barding Armor
42:58 Plate Mail Armor
43:09 Ring Archer Armor
42:31 Cavalier
43:33 Treadmill Crane
43:49 Murder Holes
44:05 Masonry
43:25 Two-Handed Swordsman
Connection lost

Rejoining the realm…

Still unreachable

The connection could not be restored.

Session expired

The server has moved on; the page needs a fresh start.